Map: Dusk Towers

Players

IIIIIIIIIIII

  • Race: Terran Terran
  • League: Diamond

xKawaiian - Winner!

  • Race: Terran Terran
  • League: Master

VOD

Have the link to the VOD?

Description

Time

  • Played on: Jan. 16, 2016, 4:50 p.m.
  • Length: 3:45
Show
View Real Time Build Order
Export as new Build Order

IIIIIIIIIIII Terran 

Build Orders:  

Get SALT Encoding   

  12  0:04  SCV  
  13  0:17  Supply Depot  
  13  0:45  Barracks  
  13  0:48  Barracks  
  13  1:02  Barracks  
  13  1:10  SCV  
  14  1:32  Marine  
  15  1:35  Marine  
  15  1:37  Barracks  
  16  1:49  Marine x2  
  16  1:53  Marine  
  19  2:07  Marine x2  
  21  2:11  Marine  
  20  2:16  Supply Depot  
  19  2:25  Marine  
  20  2:41  Marine x3  
  20  2:42  Marine  
  24  3:09  Marine x3  
Show
View Real Time Build Order
Export as new Build Order

xKawaiian Terran - Winner!

Build Orders:  

Get SALT Encoding   

  12  0:00  SCV  
  13  0:13  SCV  
  14  0:17  Supply Depot  
  14  0:25  SCV  
  15  0:39  SCV  
  15  0:40  Barracks  
  16  0:45  Refinery  
  16  0:51  SCV  
  16  0:52  Refinery  
  17  1:03  SCV  
  18  1:15  SCV  
  19  1:27  Orbital Command  
  19  1:29  Marine  
  20  1:39  Bunker  
  20  1:43  Supply Depot  
  20  1:47  Marine  
  20  1:53  Factory  
  21  2:05  Marine  
  21  2:20  SCV  
  22  2:24  Marine  
  22  2:28  Supply Depot  
  23  2:32  SCV  
  24  2:37  Factory Tech Lab  
  24  2:44  SCV  
  24  2:47  Marine  
  26  2:53  Starport  
  26  2:56  Siege Tank  
  26  2:57  SCV  
  30  3:07  Marine  
  31  3:14  SCV  
  32  3:24  Marine  
  32  3:26  SCV  
Tags
 
Add a new tag
Caveats
  • Supply blocks, unpowered buildings, or Contaminate may cause inaccurate times.
  • Supply counts are checked every 10 seconds.